AoeStats
← kurt

Arabia

507285417Analyzed
1v1 RM · 15d ago on Sep 17, 2026· 39m 28s· 2 players
Game mode
Random Map
Map size
Tiny (2 player)
Population
200
Speed
Normal
Resources
Standard
Victory
Conquest
Starting age
Dark Age
Ending age
Imperial Age
RankedLock teamsTeams togetherTeam positionsShared explorationLock speedFull tech treeHidden civsTurbo modeCheats
Victory
Defeat
🇨🇳 Ethiopians · China
1329
+14
🇦🇷 Huns · Argentina
1296
-14
NPG | gab
7:20 Loom
9:31 Feudal Age
10:44 Double-Bit Axe
12:51 Padded Archer Armor
14:48 Fletching
16:42 Bloodlines
22:19 Castle Age
21:35 Scale Barding Armor
21:41 Forging
22:31 Elite Skirmisher
23:16 Bodkin Arrow
34:50 Husbandry
38:23 Imperial Age
36:38 Leather Archer Armor
37:38 Wheelbarrow
39:31 Bracer
kurt
7:07 Loom
8:56 Feudal Age
12:03 Double-Bit Axe
12:50 Horse Collar
14:12 Fletching
16:44 Wheelbarrow
17:38 Padded Archer Armor
20:47 Castle Age
19:04 Gold Mining
20:56 Crossbowman
21:32 Bodkin Arrow
21:49 Bow Saw
23:58 Leather Archer Armor
28:29 Ballistics
34:18 Imperial Age
33:01 Thumb Ring
33:47 Town Watch
34:18 Hand Cart
34:59 Squires
35:07 Bracer
34:28 Arbalester
36:12 Chemistry
37:27 Conscription
37:42 Scale Mail Armor
37:53 Forging
39:09 Chain Mail Armor
38:16 Elite Shotel Warrior
38:58 Royal Heirs
39:34 Heavy Plow
Connection lost

Rejoining the realm…

Still unreachable

The connection could not be restored.

Session expired

The server has moved on; the page needs a fresh start.